 Dungeon Crawl Stone Soup version 0.26.0-16-gc1dbca0489 (webtiles) character file.

Game seed: 4447941116057987251

17872 Sweeb the Carver (level 12, -15/76 HPs)
             Began as a Tengu Gladiator on Jan 19, 2021.
             Was the Champion of Okawaru.
             Demolished by a sun demon (24 damage)
             ... summoned by an orc sorcerer
             ... while paralysed by an orc sorcerer
             ... on level 2 of the Orcish Mines.
             The game lasted 00:24:24 (12114 turns).

Sweeb the Carver (Tengu Gladiator)                 Turns: 12114, Time: 00:24:25

Health: -15/76     AC: 11    Str: 23    XL:     12   Next: 52%
Magic:  13/13      EV:  2    Int: 10    God:    Okawaru [******]
Gold:   873        SH:  0    Dex: 23    Spells: 11/11 levels left

rFire    . . .     SeeInvis +   b - +7 great sword of Diynt {vorpal, +Fly rPois rC+ SInv}
rCold    + . .     Faith    +   (shield currently unavailable)
rNeg     . . .     Spirit   .   K - +1 robe of the Silversmith {Str+2 Dex+4}
rPois    +         Reflect  .   c - +1 hat
rElec    .         Harm     .   E - +1 cloak {Stlth+}
rCorr    .         Rampage  .   u - +0 pair of gloves
Will     .....                  (boots unavailable)
Stlth    +++++.....             s - amulet of faith
HPRegen  0.22/turn              j - +4 ring of protection
MPRegen  0.13/turn              v - +6 ring of strength

@: paralysed, lethally poisoned (-15 -> -21), flying quickly and evasively,
quick
A: beak, talons 3, able to fly
a: Stop Flying, Renounce Religion, Heroism, Finesse


You were on level 2 of the Orcish Mines.
You worshipped Okawaru.
Okawaru was exalted by your worship.
You visited 3 branches of the dungeon, and saw 14 of its levels.

You collected 1177 gold pieces.
You spent 304 gold pieces at shops.

Inventory:

Hand Weapons
 a - a +1 long sword
 b - the +7 great sword of Diynt (weapon) {vorpal, +Fly rPois rC+ SInv}
   (You bought it in a shop on level 5 of the Dungeon)

   It inflicts extra damage upon your enemies.
   It protects you from cold.
   It protects you from poison.
   It lets you see invisible.
   It lets you fly.
 M - a +0 vampiric demon blade
Missiles
 g - 4 throwing nets (quivered)
Armour
 c - a +1 hat (worn)
 t - the +0 robe "Zuoq" {Dex+2}
   (You found it on level 5 of the Dungeon)

   It affects your dexterity (+2).
 u - a +0 pair of gloves (worn)
 x - a +4 ring mail
 E - a +1 cloak of stealth (worn)
 I - the +0 leather armour "Ypabi" {*Contam Str+7}
   (You found it on level 9 of the Dungeon)

   It affects your strength (+7).
   It causes magical contamination when unequipped.
 J - a +2 pair of boots
 K - the +1 robe of the Silversmith (worn) {Str+2 Dex+4}
   (Okawaru gifted it to you on level 10 of the Dungeon)

   It affects your strength (+2).
   It affects your dexterity (+4).
Jewellery
 e - an uncursed ring of protection from cold
 j - a +4 ring of protection (left hand)
 r - an uncursed ring of see invisible
 s - an amulet of faith (around neck)
 v - a +6 ring of strength (right hand)
 y - an uncursed ring of resist corrosion {unknown}
 G - an uncursed ring of wizardry {unknown}
Wands
 k - a wand of iceblast (8)
 w - a wand of paralysis (9)
 C - a wand of enslavement (5)
 D - a wand of disintegration (11)
Scrolls
 f - 5 scrolls of amnesia
 m - a scroll of blinking
 n - 3 scrolls of random uselessness
 B - 4 scrolls of remove curse
Potions
 d - a potion of ambrosia
 h - 2 potions of attraction
 l - 7 potions of curing
 o - 2 potions of lignification
 p - a potion of might {unknown}
 q - 2 potions of resistance
 z - a potion of haste
 A - 2 potions of degeneration
 H - a potion of flight {unknown}
 L - a potion of mutation {unknown}
 N - a potion of berserk rage {unknown}
 O - a potion of heal wounds {unknown}
 P - a potion of brilliance {unknown}
Miscellaneous
 F - a condenser vane


   Skills:
 + Level 9.4 Fighting
 * Level 13.9 Long Blades
 - Level 2.0 Throwing
 + Level 10.5 Dodging
 + Level 9.9 Stealth


You had 11 spell levels left.
You didn't know any spells.
Your spell library contained the following spells:

 Spells                   Type           Power        Failure   Level
 Apportation              Tloc           0%           36%         1
 Sandblast                Erth           0%           36%         1
 Passwall                 Tmut/Erth      0%           50%         2
 Lesser Beckoning         Tloc           0%           75%         3
 Stone Arrow              Conj/Erth      0%           75%         3
 Tukima's Dance           Hex            0%           75%         3
 Petrify                  Tmut/Erth      0%           98%         4
 Alistair's Intoxication  Tmut/Pois      0%           100%        5
 Lee's Rapid Deconstruct  Erth           0%           100%        5
 Invisibility             Hex            0%           100%        6


Dungeon Overview and Level Annotations

Branches:
Dungeon (11/15)            Temple (1/1) D:6            Lair (0/6) D:11
    Orc (2/2) D:9
    Elf: Orc:2

Altars:
Elyvilon
Fedhas
Gozag
Kikubaaqudgha
Okawaru
Ru
Sif Muna
Uskayaw
Vehumet
Xom
Zin
The Shining One

Shops:
D:5 (   D:7 ?![   Orc:2 ?

Annotations:
D:10 Grum


Innate Abilities, Weirdness & Mutations

You have a beak for a mouth.
You have claws for feet.
You can fly continuously.


Message History

You peck the orc sorcerer.
The orc sorcerer is heavily wounded.
The sun demon hits you but does no damage.
The orc sorcerer hits you but does no damage.
The orc sorcerer points at you and mumbles some strange words.
You suddenly lose the ability to move!
The sun demon hits you!
You are engulfed in flames!
The orc sorcerer points at you and mumbles some strange words.
The bolt of fire hits you!
The bolt of fire hits the sun demon.
The sun demon completely resists.
The orc sorcerer hits you but does no damage.
The sun demon hits you!
You are engulfed in flames!
* * * LOW HITPOINT WARNING * * *
The orc sorcerer hits you but does no damage.
You are poisoned.
The orc sorcerer hits you with a +0 dagger.
* * * LOW HITPOINT WARNING * * *
The orc hits you but does no damage.
You feel sick. The sun demon hits you!!
You die...

##......≈≈≈#≈........#≈≈
##........#≈......###≈#
. #..≈§...8#≈..)####≈§§#
..#..≈##...#≈....≈≈§§≈≈§
..'..≈##...#≈.).)..§§)).
..'.O≈##..8#≈..8..).)...
..'..§ #...#≈.....§§§...
..#..≈##)..#≈....≈§§§§≈≈
..#..≈3@o.8#§...####≈≈§#
#...oo...#§§.... ###§#
#......≈≈≈#§....... #§§
#......#####≈...≈≈≈. ##§
....... #≈..##### #§
.8..... ≈≈... ##≈
.#..... #≈≈ #_.... ###≈§
#≈≈§≈


You could see a sun demon (summoned), 2 orc sorcerers and an orc.

Vanquished Creatures
  3 ogre magi (Orc:2)
  A two-headed ogre (D:10)
  4 orc sorcerers (Orc:2)
  A cyclops (D:9)
  A centaur zombie (D:10)
  Maurice (D:8)
  Maggie (D:8)
  A hornet (D:10)
  3 trolls
  16 yaks
  3 wyverns
  Sigmund (D:2)
  2 basilisks (D:11)
  A water moccasin (D:10)
  4 sky beasts
  19 orc warriors
  A black bear (D:11)
  4 ice beasts
  10 ogres
  An eye of draining (D:11)
  3 centaurs
  3 wolves
  2 big kobolds (D:11)
  7 bullfrogs
  A wyvern skeleton (D:8)
  4 scorpions
  6 killer bees
  6 wights
  3 howler monkeys
  An electric eel (D:9)
  4 hounds
  4 centaur skeletons
  2 gnoll shamans
  2 jellies
  19 orc priests
  2 bullfrog skeletons
  Jessica (D:3)
  3 iguanas
  24 orc wizards
  9 worker ants
  2 hound zombies
  A worker ant zombie (D:6)
  Robin (D:3)
  9 gnolls
  15 adders
  A howler monkey skeleton (D:8)
  A shadow imp (D:5)
  2 white imps
  2 ufetubi
  2 adder zombies (D:7)
  2 oozes
  4 adder skeletons
  4 dart slugs
  2 worms (D:2)
  5 leopard geckos
  71 orcs
  4 giant cockroaches
  17 goblins
  13 hobgoblins
  19 kobolds
  11 quokkas
  3 ball pythons
  8 bats
  5 frilled lizards
  A leopard gecko skeleton (D:6)
  A leopard gecko zombie (D:6)
  A rat (D:3)
391 creatures vanquished.

Vanquished Creatures (others)
  A fungus (D:11)
  6 plants (D:11)
7 creatures vanquished.

Grand Total: 398 creatures vanquished

Notes
Turn   | Place    | Note
-------+----------+-------------------------------------------
     0 | D:1      | Sweeb the Tengu Gladiator began the quest for the Orb.
     0 | D:1      | Reached XP level 1. HP: 12/12 MP: 2/2
    51 | D:1      | Reached XP level 2. HP: 14/17 MP: 3/3
   302 | D:1      | Reached skill level 1 in Stealth
   302 | D:1      | Reached XP level 3. HP: 20/21 MP: 4/4
   633 | D:1      | Reached skill level 4 in Long Blades
  1132 | D:2      | Reached XP level 4. HP: 19/27 MP: 5/5
  1291 | D:2      | Found a faded altar of an unknown god.
  1412 | D:2      | Found an iron altar of Okawaru.
  1412 | D:2      | Found a shimmering altar of Xom.
  1467 | D:2      | Became a worshipper of Warmaster Okawaru
  1539 | D:2      | Noticed Sigmund
  1547 | D:2      | Gained mutation: You can fly continuously. [Tengu growth]
  1547 | D:2      | Reached XP level 5. HP: 28/32 MP: 6/6
  1558 | D:2      | Killed Sigmund
  1559 | D:2      | Reached skill level 5 in Long Blades
  1559 | D:2      | Reached XP level 6. HP: 34/37 MP: 4/7
  1730 | D:3      | Found a sacrificial altar of Ru.
  1781 | D:3      | Identified the +2 helmet of Marbles {Int+3 Slay+2}
  1781 | D:3      | Noticed Robin
  1794 | D:3      | Killed Robin
  2223 | D:3      | Noticed Jessica
  2229 | D:3      | Killed Jessica
  2229 | D:3      | Reached * piety under Okawaru
  2475 | D:4      | Reached XP level 7. HP: 37/41 MP: 8/8
  2676 | D:4      | Reached skill level 6 in Long Blades
  3141 | D:5      | Entered Level 5 of the Dungeon
  3141 | D:5      | Found Miggazxe's Antique Weapon Emporium.
  3147 | D:5      | Got a colourful robe
  3183 | D:5      | Reached skill level 5 in Dodging
  3327 | D:5      | Found an opulent altar of Gozag.
  3431 | D:5      | Identified the cursed +0 robe "Zuoq" {Dex+2} (You found it
                  | on level 5 of the Dungeon)
  3566 | D:5      | Reached skill level 7 in Long Blades
  3566 | D:5      | Reached XP level 8. HP: 32/48 MP: 9/9
  3986 | D:6      | Reached ** piety under Okawaru
  4252 | D:6      | Found a radiant altar of Vehumet.
  4340 | D:5      | Bought a crystal great sword for 276 gold pieces
  4507 | D:6      | Found a staircase to the Ecumenical Temple.
  4527 | Temple   | Entered the Ecumenical Temple
  4817 | D:6      | Reached skill level 5 in Fighting
  4817 | D:6      | Reached skill level 8 in Long Blades
  4962 | D:6      | Reached skill level 5 in Stealth
  5170 | D:7      | Found Ygecwuow's Distillery.
  5201 | D:7      | Reached XP level 9. HP: 46/54 MP: 10/10
  5295 | D:7      | Reached *** piety under Okawaru
  5520 | D:7      | Identified the +7 great sword of Diynt {vorpal, +Fly rPois
                  | rC+ SInv} (You bought it in a shop on level 5 of the
                  | Dungeon)
  5573 | D:7      | Found a hide-covered altar of Uskayaw.
  5618 | D:7      | Reached skill level 9 in Long Blades
  5717 | D:7      | Found Acruumicoc's Magic Scroll Shop.
  5734 | D:7      | Bought a scroll of identify for 28 gold pieces
  5828 | D:7      | Found Eheustob's Armour Emporium.
  6146 | D:8      | Reached **** piety under Okawaru
  6213 | D:8      | Noticed Maggie
  6228 | D:8      | Killed Maggie
  6257 | D:8      | Reached skill level 10 in Long Blades
  6453 | D:8      | Received a gift from Okawaru
  6455 | D:8      | Reached XP level 10. HP: 36/61 MP: 11/11
  6905 | D:8      | Received a gift from Okawaru
  7053 | D:8      | Found a glowing silver altar of Zin.
  7109 | D:8      | Noticed Maurice
  7122 | D:8      | Killed Maurice
  7480 | D:9      | Found a staircase to the Orcish Mines.
  7547 | D:9      | Received a gift from Okawaru
  7567 | D:9      | Found a white marble altar of Elyvilon.
  7802 | D:9      | Reached ***** piety under Okawaru
  7803 | D:9      | Reached skill level 11 in Long Blades
  7840 | D:9      | Got an ancient leather armour
  7841 | D:9      | Identified the +0 leather armour "Ypabi" {*Contam Str+7}
                  | (You found it on level 9 of the Dungeon)
  7855 | D:9      | Noticed a cyclops
  7860 | D:9      | Killed a cyclops
  8112 | D:10     | Entered Level 10 of the Dungeon
  8278 | D:10     | Received a gift from Okawaru
  8281 | D:10     | Got an ancient robe {god gift}
  8293 | D:10     | Identified the +1 robe of the Silversmith {Str+2 Dex+4}
                  | (Okawaru gifted it to you on level 10 of the Dungeon)
  8318 | D:10     | Found a radiant altar of Vehumet.
  8339 | D:10     | Reached XP level 11. HP: 68/68 MP: 12/12
  8426 | D:10     | Noticed a two-headed ogre
  8433 | D:10     | Killed a two-headed ogre
  8434 | D:10     | Reached skill level 12 in Long Blades
  8713 | D:10     | Noticed Grum
  9421 | D:11     | Found a staircase to the Lair.
  9423 | D:11     | Noticed a five-headed hydra
  9508 | Orc:1    | Entered Level 1 of the Orcish Mines
  9976 | Orc:2    | Entered Level 2 of the Orcish Mines
 10117 | Orc:1    | Reached ****** piety under Okawaru
 10460 | Orc:2    | Reached skill level 13 in Long Blades
 10730 | Orc:1    | Reached XP level 12. HP: 19/75 MP: 13/13
 10998 | Orc:2    | Reached skill level 10 in Dodging
 11257 | Orc:2    | Received a gift from Okawaru
 11414 | Orc:2    | Paralysed by an orc sorcerer for 6 turns
 11587 | Orc:2    | Found Quot's Magic Scroll Shoppe.
 11615 | Orc:2    | Found a radiant altar of Vehumet.
 11615 | Orc:2    | Noticed an ogre mage
 11616 | Orc:2    | Noticed an ogre mage
 11997 | Orc:2    | Noticed an ogre mage
 12000 | Orc:2    | Killed an ogre mage
 12005 | Orc:2    | Killed an ogre mage
 12008 | Orc:2    | Killed an ogre mage
 12109 | Orc:2    | Noticed a sun demon
 12109 | Orc:2    | Found an ancient bone altar of Kikubaaqudgha.
 12111 | Orc:2    | Paralysed by an orc sorcerer for 4 turns
 12114 | Orc:2    | Demolished by a sun demon

Illustrated notes

Levels and vault maps discovered:
D:1:      dpeg_arrival_tiny_a, layout_rooms, minmay_indecisive_spiral
D:2:      layout_rooms, gammafunk_temple_overflow_elements,
          chequers_ecumenical_altar_simple_redux, minmay_3d_cube, uniq_sigmund
D:3:      layout_loops_corners, hangedman_ru_absence, uniq_robin, uniq_jessica
D:4:      layout_rooms, nrook_campfire
D:5:      layout_rooms, grunt_gozag_statues, serial_shops, shop,
          kennysheep_diamond, minmay_diced_spiral
D:6:      layout_basic, minmay_temple_entry_overgrown, basic_altar,
          minmay_checkerbox
D:7:      layout_loops_ring, eat_drink_and_be_merry_uskayaw, serial_shops,
          shop_scrolls, shop, nicolae_shop_behind_doors, kb_rosetta
D:8:      layout_basic, general_overflow_altar, lightli_bailey_entry_fortress,
          uniq_maurice, uniq_maggie
D:9:      layout_gridville, orc_0_dummy, basic_altar, lightli_minifort
D:10:     layout_irregular_city, basic_altar, uniq_grum
D:11:     kennysheep_seaside_town, layout_loops_ring, minmay_lair_entry_grove,
          serial_shops, nicolae_shop_behind_doors
Temple:   eino_temple_rhombus
Orc:1:    layout_caves, mines2_lemuel
Orc:2:    kennysheep_orc_mage_school, layout_diamond_mine, serial_shops, shop

Skill      XL: |  1  2  3  4  5  6  7  8  9 10 11 12 |
---------------+-------------------------------------+-----
Stealth        | 1 2 3 4 5 6 7 9 |  9.9
Long Blades    | 4 5 7 8 10 11 13 | 13.9
Dodging        | 4 5 6 7 8 9 10 | 10.5
Fighting       | 3 4 5 6 7 8 9 |  9.4
Throwing       | |  2.0

Action                   |  1- 3 |  4- 6 |  7- 9 | 10-12 || total
-------------------------+-------+-------+-------+-------++-------
Melee: Long sword        |    56 |   104 |   181 |       ||   341
       Kick              |    19 |    33 |   104 |   143 ||   299
       Peck              |     9 |    20 |    56 |   100 ||   185
       Great sword       |       |       |    48 |   342 ||   390
Throw: Throwing net      |     3 |     3 |       |       ||     6
Invok: Heroism           |       |       |     1 |       ||     1
 Abil: Fly               |       |     1 |       |       ||     1
  Use: Scroll            |     6 |     4 |     9 |     6 ||    25
       Potion            |       |     2 |     1 |       ||     3
 Stab: Sleeping          |       |     2 |    17 |    20 ||    39
       Distracted        |       |       |     1 |     3 ||     4
Armor: Ring mail         |    39 |    32 |    13 |       ||    84
       Leather armour    |     1 |       |       |       ||     1
       Robe              |       |       |    17 |    38 ||    55
Dodge: Dodged            |    60 |    71 |   170 |   324 ||   625
       Rpst.: Long sword |    13 |    15 |    28 |       ||    56
       Great sword       |       |       |    20 |    86 ||   106
